Map: Automaton LE

Players

Juxtapose - Winner!

  • Race: Protoss Protoss
  • Spawn Location: 9:00

VOD

https://youtu.be/7g7IWZpfZgI

Description

Once again I get Protoss vs Zerg, and this time I did decide to go for an Oracle opening. Which I mess up a bit. I still get some Drone kills though which was nice.

Also, instead of Colossi, I decided to go with Archons and High Templar for splash damage, and I got a Warp Prism out simply for reinforcements.

Time

  • Played on: Dec. 16, 2018, 10:31 a.m.
  • Length: 18:06
Show
View Real Time Build Order
Export as new Build Order

Juxtapose Protoss - Winner!

Build Orders:  

Get SALT Encoding   

  12  0:04  Probe (Chrono Boost)  
  14  0:21  Probe (Chrono Boost)  
  14  0:29  Pylon  
  14  0:37  Probe (Chrono Boost)  
  15  0:56  Gateway  
  16  1:00  Probe (Chrono Boost)  
  16  1:13  Assimilator  
  16  1:17  Probe (Chrono Boost)  
  17  1:33  Pylon  
  17  1:34  Probe (Chrono Boost)  
  19  1:51  Probe (Chrono Boost)  
  19  2:04  Cybernetics Core  
  19  2:05  Zealot  
  19  2:08  Probe (Chrono Boost)  
  20  2:16  Assimilator  
  22  2:25  Probe (Chrono Boost)  
  22  2:28  Pylon  
  24  2:42  Probe (Chrono Boost)  
  24  2:59  Probe (Chrono Boost)  
  25  3:43  Stargate  
  25  4:13  Nexus  
  25  4:16  Pylon  
  25  4:21  Pylon  
  25  4:26  Warp Gate, Probe (Chrono Boost)  
  26  4:32  Oracle  
  31  4:59  Probe (Chrono Boost)  
  32  5:08  Unknown  
  34  5:14  Gateway  
  34  5:16  Probe (Chrono Boost)  
  35  5:32  Robotics Facility  
  35  5:33  Probe (Chrono Boost)  
  36  5:46  Unknown  
  37  5:50  Probe (Chrono Boost)  
  37  6:01  Zealot  
  37  6:07  Probe (Chrono Boost)  
  40  6:13  Probe (Chrono Boost)  
  41  6:24  Probe (Chrono Boost)  
  43  6:30  Probe (Chrono Boost)  
  43  7:13  Zealot x2  
  43  7:16  Immortal  
  52  7:32  Probe x2 (Chrono Boost)  
  52  7:35  Assimilator  
  53  7:40  Assimilator  
  53  7:43  Gateway  
  53  7:47  Pylon  
  53  7:49  Probe x2 (Chrono Boost)  
  55  7:56  Pylon, Forge  
  55  7:58  Immortal  
  55  8:03  Adept  
  55  8:04  Adept  
  59  8:12  Probe (Chrono Boost)  
  59  8:13  Probe (Chrono Boost)  
  65  8:23  Probe (Chrono Boost)  
  52  8:30  Probe (Chrono Boost)  
  67  8:34  Probe (Chrono Boost)  
  68  8:41  Robotics Facility  
  68  8:46  Probe (Chrono Boost)  
  68  8:47  Gateway  
  69  8:52  Immortal  
  69  8:59  Zealot x3  
  79  9:10  Twilight Council  
  79  9:31  Protoss Ground Weapons Level 1  
  79  9:38  Observer, Zealot x3  
  86  10:09  Pylon  
  86  10:34  Immortal  
  86  10:35  Templar Archives  
  90  10:50  Warp Prism  
  90  10:53  Zealot  
  90  10:57  Nexus  
  94  11:03  Pylon  
  94  11:08  Pylon  
  94  11:19  Unknown  
  94  11:26  Charge  
  94  11:28  Psionic Storm  
  86  11:46  High Templar  
  86  11:47  High Templar x2  
  86  11:49  High Templar  
  94  11:55  Archon  
  94  11:56  Archon  
  94  12:01  Protoss Ground Armor Level 1  
  94  12:09  Immortal  
  98  12:10  Immortal  
  102  12:35  High Templar  
  102  12:36  High Templar  
  102  12:37  High Templar  
  108  12:44  Probe x2 (Chrono Boost)  
  108  12:45  Probe (Chrono Boost)  
  111  12:53  Archon  
  113  13:01  Probe x2 (Chrono Boost)  
  113  13:04  Probe (Chrono Boost)  
  114  13:18  Probe x2 (Chrono Boost)  
  116  13:24  Observer  
  116  13:25  Observer  
  116  13:29  Zealot  
  120  13:30  Zealot x2  
  100  13:55  Zealot  
  82  14:10  Zealot  
  82  14:11  Zealot x2  
  86  14:29  Zealot  
  86  14:38  Immortal x2  
  92  14:44  Protoss Ground Weapons Level 2  
  92  14:45  Probe x2 (Chrono Boost)  
  91  14:50  Unknown  
  87  15:02  Probe x2 (Chrono Boost)  
  87  15:08  High Templar  
  87  15:09  High Templar x2  
  95  15:10  High Templar  
  95  15:15  Archon, Probe (Chrono Boost)  
  95  15:17  Archon  
  95  15:19  Probe (Chrono Boost)  
  96  15:25  Probe (Chrono Boost)  
  96  15:29  Assimilator  
  97  15:32  Probe (Chrono Boost)  
  97  15:34  Assimilator  
  97  15:36  Probe (Chrono Boost)  
  99  15:42  Probe (Chrono Boost)  
  99  15:49  Immortal x2  
  108  15:53  Probe (Chrono Boost)  
  109  16:32  Zealot  
  109  16:33  Zealot x3  
  118  17:10  Probe (Chrono Boost)  
  118  17:12  Stalker x2  
  118  17:14  Zealot  
  124  17:27  Pylon, Probe (Chrono Boost)  
  125  17:36  Pylon  
  125  17:37  Unknown  
Tags
 
Add a new tag
Caveats
  • Supply blocks, unpowered buildings, or Contaminate may cause inaccurate times.
  • Supply counts are checked every 10 seconds.